 Dungeon Crawl Stone Soup version 0.21-a0-221-gfe971b9 (webtiles) character file.

13563 Lavandula the Grappler (level 12, -3/105 HPs)
             Began as a Ghoul Ice Elementalist on Aug 24, 2017.
             Was an Elder of Cheibriados.
             Slain by an ice devil (6 damage)
             ... summoned by an orc high priest
             ... on level 2 of the Orcish Mines on Aug 25, 2017.
             The game lasted 00:56:16 (6216 turns).

Lavandula the Grappler (Ghoul Ice Elementalist)     Turns: 6216, Time: 00:56:17

Health: -3/105     AC: 14    Str: 23    XL:     12   Next: 7%
Magic:  0/16       EV: 14    Int: 22    God:    Cheibriados [****..]
Gold:   1341       SH:  6    Dex: 21    Spells: 7/18 levels left

rFire    + . .     SeeInvis .     - Unarmed
rCold    + . .     Gourm    .   D - +0 buckler (curse)
rNeg     + + +     Faith    .   J - +0 troll leather armour
rPois    ∞         Spirit   .   (no helmet)
rElec    .         Reflect  .   Q - +2 cloak {+Inv}
rCorr    .         Harm     +   (no gloves)
MR       +....                  F - +0 pair of boots
Stlth    ++........             i - amulet of harm
HPRegen  0.00/turn              y - ring of protection from fire
MPRegen  0.15/turn              N - ring of protection from magic

@: icy armour, rotting, very slow
A: rotting body, claws 1, carnivore 3, cold resistance 1, negative energy
resistance 3, inhibited regeneration, torment resistance, unbreathing
a: Bend Time, Temporal Distortion, Slouch, Renounce Religion, Evoke Invisibility


You were on level 2 of the Orcish Mines.
You worshipped Cheibriados.
Cheibriados was greatly pleased with you.
You were not hungry.

You visited 3 branches of the dungeon, and saw 14 of its levels.
You also visited: Sewer.

You collected 1341 gold pieces.

Inventory:

Hand Weapons
 u - a +3 blowgun
 R - a +0 club
Missiles
 k - 15 javelins (quivered)
Armour
 D - a cursed +0 buckler (worn)
 F - a +0 pair of boots (worn)
 J - a +0 troll leather armour (worn)
 Q - a +2 cloak of invisibility (worn)
Magical Staves
 g - an uncursed staff of summoning
 C - an uncursed staff of power
Jewellery
 i - an amulet of harm (around neck)
 y - a ring of protection from fire (left claw)
 N - a ring of protection from magic (right claw)
Wands
 m - a wand of polymorph (5/24)
 o - a wand of digging (16/24)
 w - a wand of polymorph (11/24)
 B - a wand of polymorph (0/24)
 G - a wand of lightning (10/15)
 I - a wand of iceblast (8/15)
 K - a wand of lightning (2/15)
 P - a wand of enslavement (9/24)
Scrolls
 d - a scroll of vulnerability
 e - 3 scrolls of recharging
 j - 2 scrolls of enchant armour {unknown}
 l - 2 scrolls of magic mapping
 n - a scroll of immolation
 q - 2 scrolls of teleportation
 r - 3 scrolls of remove curse
 x - 2 scrolls of amnesia {unknown}
 A - a scroll of torment {unknown}
 H - 3 scrolls of enchant weapon {unknown}
Potions
 a - 2 potions of ambrosia {unknown}
 p - 3 potions of might
 s - a potion of mutation {unknown}
 t - a potion of lignification
 v - a potion of flight
 z - a potion of brilliance
 E - a potion of agility {unknown}
 L - a potion of resistance {unknown}
 M - a potion of magic {unknown}
Books
 b - a book of Frost

   Spells                             Type                      Level
   a - Freeze                         Ice                          1
   b - Throw Frost                    Conjuration/Ice              2
   c - Ozocubu's Armour               Charms/Ice                   3
   d - Throw Icicle                   Conjuration/Ice              4
   e - Summon Ice Beast               Ice/Summoning                4
 h - a book of Cantrips

   Spells                             Type                      Level
   a - Confusing Touch                Hexes                        1
   b - Animate Skeleton               Necromancy                   1
   c - Summon Small Mammal            Summoning                    1
   d - Apportation                    Translocation                1
Comestibles
 c - 6 meat rations
 f - 4 royal jellies
 O - 14 chunks of flesh


   Skills:
 - Level 9.4 Fighting
 - Level 3.0 Dodging
 - Level 2.1 Stealth
 - Level 5.0 Shields
 - Level 10.9 Unarmed Combat
 - Level 3.6 Spellcasting
   Level 0.7 Conjurations
 - Level 2.5 Hexes
 - Level 4.0 Summonings
 - Level 2.7 Necromancy
 - Level 3.1 Translocations
 - Level 8.1 Ice Magic
 + Level 6.3 Invocations
 - Level 5.1 Evocations


You had 7 spell levels left.
You knew the following spells:

 Your Spells              Type           Power        Failure   Level  Hunger
a - Freeze                Ice            ####         1%          1    None
b - Summon Ice Beast      Ice/Summ       ####....     11%         4    ####...
c - Animate Skeleton      Necr           N/A          4%          1    None
d - Confusing Touch       Hex            ###...       4%          1    None
e - Ozocubu's Armour      Chrm/Ice       ###.....     8%          3    ###....
g - Apportation           Tloc           ###...       3%          1    None


Dungeon Overview and Level Annotations

Branches:
Dungeon (11/15)            Temple (1/1) D:7             Orc (2/2) D:11
    Elf (0/3) Orc:2
   Lair: D:8-11

Altars:
Ashenzari
Cheibriados
Dithmenos
Elyvilon
Fedhas
Gozag
Hepliaklqana
Kikubaaqudgha
Makhleb
Nemelex Xobeh
Okawaru
Qazlal
Ru
Sif Muna
Trog
Vehumet
Wu Jian
Xom
Yredelemnul
Zin
The Shining One

Shops:
D:10 (   Orc:1 (

Annotations:
D:2 Terence
D:4 exclusion: ogre
D:7 Dowan, Duvessa
D:8 exclusion: two-headed ogre


Innate Abilities, Weirdness & Mutations

Your body is rotting away.
You thrive on raw meat.
You are immune to poison.
You have sharp fingernails.
You are carnivorous and can eat meat at any time.
Your flesh is cold resistant. (rC+)
You are immune to negative energy. (rN+++)
You do not regenerate when monsters are visible.
You are immune to unholy pain and torment.
You can survive without breathing.


Message History

You freeze the orc high priest.
The orc high priest is almost dead.
The orc high priest prays to Beogh.
The orc high priest is healed somewhat.
The red devil hits you but does no damage.
You block the ice devil's attack. You block the hellwing's attack.
The hellwing misses you.
Casting: Freeze
Confirm with . or Enter, or press ? or * to list all spells.
Aiming: Freeze
Press: ? - help, Shift-Dir - straight line, f/p - orc high priest
Aim: an orc high priest, wielding a dire flail (severely wounded, unusually strong)
You freeze the orc high priest.
The orc high priest is almost dead.
The orc high priest hits you with a dire flail!
* * * LOW HITPOINT WARNING * * *
The ice devil hits you.
* * * LOW HITPOINT WARNING * * *
The ice devil freezes you. You resist.
You die...

##.#.............
#...............(
##...............
#.....#...........
######........<...
##...###...........
##.)))..##..........
##.4)o4÷..###......#.
#### #..4@# #......##
##...###..)##
##.......
#.....#....# ##......
#........## #......
.#........# #......
..........### #......
..........#.# #....#.
..........#.# #...###
..........#.##
##......


You could see an orc high priest, a hellwing, an ice devil and a red devil.

Vanquished Creatures
  The ghost of WhatIsLove the Destroyer, a journeyman DEFE of Sif Muna (Orc:1)
  A two-headed ogre (D:11)
  A death drake (Orc:1)
  4 orc knights (Orc:2)
  An orc sorcerer (Orc:2)
  Maurice (Orc:1)
  A centaur zombie (D:11)
  3 trolls
  A meliai (D:10)
  A hornet (D:10)
  A hippogriff (D:10)
  A spriggan (D:8)
  4 yaks
  A hungry ghost (D:8)
  4 wargs
  13 orc warriors
  A swamp drake (D:11)
  3 phantoms
  4 ogres
  2 necrophages
  5 centaurs
  A big kobold (D:10)
  4 bullfrogs
  A wyvern zombie (D:8)
  2 wyvern skeletons
  3 scorpions
  A water moccasin skeleton (D:11)
  4 killer bees (D:9)
  3 wights
  A howler monkey (D:8)
  2 crimson imps
  2 bullfrog zombies
  8 hounds
  11 orc priests
  2 bullfrog skeletons
  A quasit (D:10)
  A jelly (D:9)
  3 centaur skeletons
  Natasha (twice) (D:3)
  18 orc wizards
  2 worker ants
  2 hound zombies
  A hound skeleton (D:6)
  3 mummies (D:10)
  A worker ant zombie (D:5)
  4 gnolls
  2 howler monkey zombies
  A howler monkey skeleton (D:8)
  8 adders
  4 shadow imps
  An adder skeleton (D:5)
  2 worms (D:4)
  5 leopard geckos
  37 orcs
  3 bats
  4 giant cockroaches
  2 hobgoblins (D:3)
  2 jackals (Sewer)
  A quokka (D:5)
  2 frilled lizards (D:3)
  12 kobolds
  A leopard gecko skeleton (D:8)
  A quokka skeleton (D:5)
  A quokka zombie (D:10)
  6 rats
232 creatures vanquished.

Vanquished Creatures (collateral kills)
  A cyclops (Orc:2)
  A deep elf mage (D:10)
  A hippogriff (D:11)
  A shadow (D:11)
  Purgy (Sewer)
  An ogre (D:7)
  3 wights (D:11)
  A hound (D:7)
  2 orc priests (Orc:2)
  An orc wizard (Orc:2)
  A jelly (D:8)
  Natasha (D:3)
  A worker ant (D:8)
  2 adders
  2 gnolls (D:9)
  A shadow imp (D:7)
  8 orcs
  A hobgoblin (D:3)
  A kobold (D:10)
31 creatures vanquished.

Vanquished Creatures (others)
  A killer bee (D:9)
  2 orcs (D:11)
  A withered plant (D:10)
4 creatures vanquished.

Grand Total: 267 creatures vanquished

Notes
Turn   | Place    | Note
-------+----------+-------------------------------------------
     0 | D:1      | Lavandula the Ghoul Ice Elementalist began the quest for the Orb.
     0 | D:1      | Reached XP level 1. HP: 14/14 MP: 2/2
     6 | D:1      | Noticed a hound
     6 | D:1      | Noticed a black bear
     6 | D:1      | Noticed a four-headed hydra
   153 | D:2      | Noticed Terence
   186 | D:2      | nice!
   217 | D:2      | Reached XP level 2. HP: 19/20 MP: 2/4
   220 | D:2      | Learned a level 1 spell: Apportation
   222 | D:2      | Learned a level 1 spell: Animate Skeleton
   224 | D:2      | Learned a level 1 spell: Confusing Touch
   386 | D:3      | Noticed Natasha
   400 | D:3      | Killed Natasha
   400 | D:3      | Reached XP level 3. HP: 25/25 MP: 0/5
   446 | D:3      | Noticed Natasha
   494 | D:3      | Reached XP level 4. HP: 23/32 MP: 1/6
   501 | D:3      | Learned a level 3 spell: Ozocubu's Armour
   677 | D:3      | Killed Natasha
   677 | D:3      | Reached skill level 1 in Unarmed Combat
   756 | D:3      | Noticed Natasha
   770 | D:3      | Killed Natasha
   770 | D:3      | Reached skill level 2 in Unarmed Combat
   770 | D:3      | Reached XP level 5. HP: 29/38 MP: 0/7
   933 | D:4      | Noticed an ogre
  1077 | D:4      | Reached skill level 5 in Ice Magic
  1132 | D:5      | Entered Level 5 of the Dungeon
  1206 | D:5      | Found a glowing drain.
  1269 | D:5      | Found a blossoming altar of Fedhas.
  1269 | D:5      | Found a faded altar of an unknown god.
  1269 | D:5      | Noticed a sky beast
  1274 | D:5      | Found a faded altar of an unknown god.
  1276 | D:5      | Found a burning altar of Makhleb.
  1277 | D:5      | Found a glowing silver altar of Zin.
  1321 | D:5      | Reached XP level 6. HP: 37/45 MP: 4/10
  1348 | Sewer    | Entered a sewer
  1354 | Sewer    | Learned a level 4 spell: Summon Ice Beast
  1414 | Sewer    | Noticed Purgy
  1444 | Sewer    | Killed Purgy
  1444 | Sewer    | Reached skill level 1 in Summonings
  1586 | D:7      | Noticed Dowan
  1587 | D:7      | Noticed Duvessa
  1607 | D:6      | Found an opulent altar of Gozag.
  1648 | D:6      | Found a sparkling altar of Nemelex Xobeh.
  1725 | D:6      | Reached XP level 7. HP: 35/50 MP: 2/11
  1829 | D:7      | Found a staircase to the Ecumenical Temple.
  1855 | Temple   | Entered the Ecumenical Temple
  1909 | Temple   | Became a worshipper of Cheibriados the Contemplative
  2004 | D:6      | Reached skill level 3 in Unarmed Combat
  2126 | D:6      | Reached skill level 4 in Unarmed Combat
  2145 | D:6      | Reached skill level 10 in Unarmed Combat
  2145 | D:6      | Reached XP level 8. HP: 58/78 MP: 3/12
  2621 | D:6      | Reached * piety under Cheibriados
  2621 | D:6      | Reached XP level 9. HP: 74/83 MP: 11/13
  2633 | D:6      | Found a bloodstained altar of Trog.
  2822 | D:8      | Noticed a two-headed ogre
  3042 | D:8      | HP: 1/84 [yak (9)]
  3043 | D:8      | Reached skill level 1 in Hexes
  3583 | D:8      | Noticed a two-headed ogre
  3584 | D:8      | why
  3640 | D:8      | Reached skill level 1 in Translocations
  3657 | D:8      | Found a radiant altar of Vehumet.
  3657 | D:8      | Found a shattered altar of Ashenzari.
  3671 | D:8      | Reached skill level 1 in Shields
  3756 | D:9      | Reached ** piety under Cheibriados
  3945 | D:9      | Reached XP level 10. HP: 36/91 MP: 10/14
  4248 | D:10     | Entered Level 10 of the Dungeon
  4447 | D:10     | Reached *** piety under Cheibriados
  4447 | D:10     | Reached skill level 5 in Shields
  4519 | D:10     | Noticed a deep elf mage
  4525 | D:10     | Reached skill level 1 in Invocations
  4623 | D:11     | Noticed a two-headed ogre
  4715 | D:10     | Killed a deep elf mage
  4898 | D:10     | Found Apsifuim's Antique Weapon Shop.
  4973 | D:11     | Killed a two-headed ogre
  4973 | D:11     | Reached **** piety under Cheibriados
  5046 | D:11     | Reached XP level 11. HP: 33/97 MP: 11/15
  5259 | D:11     | Found a staircase to the Orcish Mines.
  5320 | Orc:1    | Entered Level 1 of the Orcish Mines
  5331 | Orc:1    | Found Qoxepof's Antique Weapon Emporium.
  5389 | Orc:1    | Reached ***** piety under Cheibriados
  5402 | Orc:1    | Noticed Urug
  5409 | Orc:1    | Noticed Urug
  5409 | Orc:1    | Urug changed into Urug the death drake
  5418 | Orc:1    | Killed Urug the death drake
  5522 | Orc:1    | Noticed WhatIsLove's ghost (journeyman DEFE)
  5546 | Orc:1    | Killed WhatIsLove's ghost
  5594 | Orc:1    | Noticed Maurice
  5605 | Orc:1    | Killed Maurice
  5764 | Orc:2    | Entered Level 2 of the Orcish Mines
  5876 | Orc:2    | Found a staircase to the Elven Halls.
  5897 | Orc:2    | Noticed a cyclops
  5914 | Orc:2    | Killed a cyclops
  5914 | Orc:2    | Reached skill level 5 in Evocations
  5945 | Orc:2    | Noticed an orc knight
  5959 | Orc:2    | Killed an orc knight
  6119 | Orc:2    | Reached skill level 1 in Necromancy
  6129 | Orc:2    | Noticed an orc knight
  6143 | Orc:2    | Killed an orc knight
  6194 | Orc:2    | Noticed an orc knight
  6197 | Orc:2    | Noticed an orc sorcerer
  6198 | Orc:2    | Noticed an orc knight
  6200 | Orc:2    | Killed an orc sorcerer
  6200 | Orc:2    | Reached skill level 5 in Invocations
  6204 | Orc:2    | Killed an orc knight
  6204 | Orc:2    | Reached XP level 12. HP: 105/105 MP: 10/16
  6206 | Orc:2    | Noticed an orc high priest
  6216 | Orc:2    | HP: 3/105 [ice devil[an orc high priest] (7)]
  6216 | Orc:2    | Slain by an ice devil

Vault maps used:
D:1:      onia_arrival_zoo_common, minmay_tripent
D:2:      first_bread, uniq_terence
D:3:      uniq_natasha
D:4:      st_stairs_4, kennysheep_pointless_box
D:5:      chequers_temple_overflow_minitemple, cheibrodos_sewer_entry_drain
D:6:      kennysheep_windowed_halls, overflow_temple_1_default,
          lemuel_doored_altar, roderic_lattice_a, st_stairs_8,
          grunt_gozag_statues
D:7:      lemuel_coloured_pillars_altar, minmay_temple_entry_nine_rooms,
          uniq_duvessa
D:8:      chequers_temple_overflow_statue_of_worship, lair_entry_dummy,
          the_bakery
D:10:     serial_undead, serial_undead_d, serial_undead_c, serial_undead_c,
          serial_undead_a, serial_undead_b, serial_shops,
          nicolae_shop_window_shopping
D:11:     erik_orc_1
Temple:   jpeg_temple_clearing
Orc:1:    serial_shops, nicolae_shop_crystal, nicolae_orc_flooded_monolith,
          uniq_maurice, uniq_urug
Orc:2:    grunt_orc_tribal_feast
Sewer:    sewer_the_crocodile

Skill      XL: |  1  2  3  4  5  6  7  8  9 10 11 12 |
---------------+-------------------------------------+-----
Spellcasting   | 2 3 |  3.6
Ice Magic      | 4 5 8 |  8.1
Unarmed Combat | 2 10 | 10.9
Summonings     | 3 4 |  4.0
Fighting       | 9 |  9.4
Dodging        | 2 3 |  3.0
Hexes          | 2 |  2.5
Translocations | 1 3 |  3.1
Shields        | 3 5 |  5.0
Invocations    | 2 5 6 |  6.3
Evocations     | 5 |  5.1
Necromancy     | 2 |  2.7
Stealth        | |  2.1
Conjurations   | |  0.7

Action                   |  1- 3 |  4- 6 |  7- 9 | 10-12 || total
-------------------------+-------+-------+-------+-------++-------
Melee: Unarmed           |    31 |    85 |   187 |   359 ||   662
       Punch             |       |       |     9 |       ||     9
Throw: Javelin           |       |       |       |     2 ||     2
 Cast: Freeze            |    22 |    62 |    23 |     3 ||   110
       Animate Skeleton  |       |    14 |    15 |    41 ||    70
       Apportation       |       |     4 |     4 |    34 ||    42
       Summon Ice Beast  |       |     2 |     7 |     5 ||    14
       Ozocubu's Armour  |       |     1 |     8 |    23 ||    32
       Confusing Touch   |       |     1 |     3 |     2 ||     6
Invok: Slouch            |       |       |       |     4 ||     4
Evoke: Wand              |       |       |       |     9 ||     9
  Use: Scroll            |       |     7 |     5 |     5 ||    17
       Potion            |       |       |     4 |     1 ||     5
 Stab: Sleeping          |     1 |     2 |     5 |     6 ||    14
       Distracted        |       |       |     1 |     2 ||     3
       Confused          |       |       |     2 |     2 ||     4
  Eat: Chunk             |     3 |    26 |    24 |    65 ||   118
Armor: Robe              |    12 |    19 |    28 |       ||    59
       Troll leather arm |       |       |       |    72 ||    72
Dodge: Dodged            |    26 |    84 |   127 |   138 ||   375
Block: Buckler           |       |       |     1 |    68 ||    69

Table legend:
 A = Spawn XP
 B = Non-spawn XP
 C = Spawn XP percentage of total XP
 D = Spawn monster count
 E = Non-spawn monster count
 F = Spawn count percentage of total count
 G = Total turns spent on level
                    A         B        C        D         E        F      G
               +---------+---------+-------+---------+---------+-------+---------
         Total |    1121 |   17293 |   6.1 |      15 |     250 |   5.7 |  6216
               +---------+---------+-------+---------+---------+-------+---------
           D:1 |       2 |       7 |  22.2 |       1 |       5 |  16.7 |   147
           D:2 |       0 |       7 |   0.0 |       0 |       4 |   0.0 |   207
           D:3 |       7 |     145 |   4.6 |       1 |      19 |   5.0 |   479
           D:4 |       0 |     197 |   0.0 |       0 |      10 |   0.0 |   585
           D:5 |      48 |     209 |  18.7 |       4 |      16 |  20.0 |   352
           D:6 |       3 |     493 |   0.6 |       1 |      13 |   7.1 |   605
           D:7 |       0 |     200 |   0.0 |       0 |       6 |   0.0 |   356
           D:8 |     202 |    1291 |  13.5 |       1 |      21 |   4.5 |   794
           D:9 |      57 |    1112 |   4.9 |       1 |      22 |   4.3 |   498
          D:10 |     762 |    1689 |  31.1 |       5 |      33 |  13.2 |   695
          D:11 |      40 |    3141 |   1.3 |       1 |      32 |   3.0 |   377
         Orc:1 |       0 |    3316 |   0.0 |       0 |      18 |   0.0 |   500
         Orc:2 |       0 |    5400 |   0.0 |       0 |      45 |   0.0 |   396
         Sewer |       0 |      86 |   0.0 |       0 |       6 |   0.0 |   155
               +---------+---------+-------+---------+---------+-------+---------
